Map: Winter Madness LE

Players

Docjuwe

  • Race: Terran Terran
  • League: Master
  • Spawn Location: 11:00

SCIInewby - Winner!

  • Race: Protoss Protoss
  • League: Master
  • Spawn Location: 5:00

VOD

Have the link to the VOD?

Description

Time

  • Played on: Feb. 4, 2026, 2:48 p.m.
  • Length: 17:22
Show
View Real Time Build Order
Export as new Build Order

Docjuwe Terran 

Build Orders:  

Get SALT Encoding   

  12  0:19  Refinery  
  12  0:25  Supply Depot  
  12  0:32  SCV  
  13  0:44  SCV  
  14  0:56  SCV  
  15  1:08  SCV  
  16  1:15  Barracks  
  16  1:20  SCV  
  18  1:32  SCV  
  18  1:44  SCV  
  19  1:51  Supply Depot  
  19  1:57  SCV  
  20  2:06  Barracks Reactor  
  20  2:10  Barracks  
  20  2:29  Bunker  
  20  2:32  Refinery  
  20  2:35  Supply Depot  
  20  2:42  Marine x2  
  22  3:04  Supply Depot  
  22  3:11  SCV  
  23  3:13  Barracks Reactor  
  23  3:19  Engineering Bay  
  23  3:22  Marine x2  
  23  3:23  SCV  
  26  3:35  SCV  
  27  3:46  Bunker  
  27  3:51  Hi-Sec Auto Tracking  
  27  4:01  SCV  
  28  4:13  SCV  
  28  4:14  Supply Depot  
  29  4:27  Marine x2  
  29  4:28  Marine  
  29  4:29  Marine  
  33  4:37  Supply Depot  
  33  4:48  Neosteel Armor  
  33  4:56  Bunker  
  33  4:59  Marine x4  
  37  5:12  Missile Turret  
  37  5:15  Supply Depot  
  37  5:16  Marine  
  37  5:17  Marine x3  
  41  5:35  Missile Turret  
  41  5:44  Missile Turret  
  41  6:00  Supply Depot  
  41  6:08  Missile Turret  
  41  6:28  Factory  
  41  6:34  Missile Turret  
  41  6:40  Terran Infantry Weapons Level 1  
  41  6:45  Supply Depot  
  41  6:54  Missile Turret  
  41  6:59  Marine x4  
  45  7:11  Missile Turret  
  45  7:17  Marine x4  
  49  7:24  Factory, Factory Tech Lab  
  49  7:34  Marine  
  49  7:35  Marine x3  
  53  7:52  Marine  
  31  8:34  Marine x2  
  31  8:35  Marine x2  
  31  8:38  Siege Tank  
  38  8:52  Marine x3  
  38  8:53  Marine  
  42  8:58  Bunker  
  42  9:10  Siege Tank, Marine x4  
  49  9:28  Marine x4  
  53  9:40  Bunker  
  53  9:45  Marine  
  53  9:46  Marine, Factory Tech Lab  
  53  9:52  Siege Tank  
  58  10:17  Command Center  
  58  10:24  Siege Tank  
  53  10:47  Bunker  
  53  10:55  Marine x4  
  53  10:56  Siege Tank  
  60  11:13  Marine x3, Bunker  
  63  11:54  Refinery  
  63  11:57  Refinery  
  63  12:02  Marine x4  
  67  12:12  Terran Infantry Armor Level 1  
  67  12:20  Marine x4  
  70  12:38  Marine  
  71  12:49  Missile Turret  
  71  12:51  Marine x3  
  72  12:55  Marine  
  72  13:08  Marine  
  72  13:09  Marine x2  
  72  13:13  Marine  
  59  13:26  Marine x2  
  59  13:27  Marine  
  45  13:31  Marine  
  43  13:44  Marine x3  
  46  13:49  Marine, Bunker  
  47  14:02  Marine x3  
  49  14:07  Marine  
  47  14:22  Bunker  
  47  14:24  Siege Tank x2  
  47  14:28  SCV  
  54  14:40  SCV  
  55  14:56  Siege Tank x2  
  55  14:57  Missile Turret  
  61  15:11  Missile Turret  
  61  15:20  Marine  
  61  15:21  Marine x3  
  65  15:38  Marine x2  
  65  15:39  Marine x2  
  65  15:42  Orbital Command  
  69  15:56  Marine x3  
  69  15:57  Marine  
  72  16:00  Armory  
  73  16:10  Siege Tank  
  79  16:11  Siege Tank  
  71  16:34  Marine x4  
  58  16:52  Marine x4  
Show
View Real Time Build Order
Export as new Build Order

SCIInewby Protoss - Winner!

Build Orders: Carriers, Chargelot Immortal 

Get SALT Encoding   

  12  0:02  Probe  
  14  0:14  Probe  
  14  0:24  Pylon  
  14  0:30  Probe  
  15  0:42  Probe  
  16  0:43  Forge  
  16  0:54  Probe  
  17  1:06  Probe  
  18  1:15  Pylon  
  18  1:21  Gateway  
  18  1:33  Probe  
  18  1:38  Photon Cannon  
  19  1:43  Pylon  
  19  1:48  Assimilator, Probe  
  20  2:06  Probe  
  21  2:14  Assimilator  
  20  2:18  Probe  
  20  2:19  Nexus  
  21  2:30  Probe  
  21  2:31  Cybernetics Core  
  22  2:38  Pylon  
  22  2:39  Protoss Ground Weapons Level 1  
  22  2:43  Probe  
  23  3:00  Assimilator  
  23  3:01  Warp Gate  
  23  3:02  Zealot  
  23  3:04  Assimilator  
  25  3:08  Probe  
  26  3:20  Probe  
  26  3:21  Photon Cannon  
  27  3:32  Probe  
  27  3:34  Probe  
  27  3:36  Gateway  
  29  3:48  Probe  
  29  3:50  Probe  
  31  4:00  Probe  
  32  4:09  Twilight Council  
  32  4:19  Gateway  
  32  4:21  Probe  
  32  4:23  Gateway  
  32  4:24  Probe  
  34  4:29  Probe  
  34  4:32  Charge  
  34  4:36  Probe  
  34  4:38  Probe  
  36  4:40  Protoss Ground Armor Level 1  
  36  4:44  Pylon  
  37  4:48  Probe  
  38  4:53  Gateway  
  38  4:57  Probe  
  39  5:02  Dark Shrine  
  39  5:12  Probe  
  39  5:14  Probe  
  39  5:20  Probe  
  41  5:26  Probe  
  41  5:28  Pylon, Probe  
  43  5:34  Pylon  
  44  5:36  Stalker x3  
  44  5:38  Probe  
  44  5:39  Zealot  
  50  5:50  Probe  
  50  5:54  Zealot  
  53  6:05  Zealot  
  53  6:06  Zealot x3  
  61  6:13  Protoss Air Weapons Level 1  
  61  6:21  Robotics Facility  
  61  6:22  Pylon x2  
  61  6:25  Zealot  
  63  6:26  Dark Templar  
  63  6:27  Dark Templar  
  67  6:34  Zealot x2  
  67  6:55  Zealot  
  67  6:56  Zealot x2  
  73  7:02  Blink  
  73  7:12  Immortal  
  73  7:13  Robotics Facility  
  77  7:19  Stargate x2  
  77  7:41  Zealot  
  77  7:42  Zealot  
  81  7:45  Nexus  
  81  7:46  Pylon  
  81  7:47  Pylon  
  81  7:48  Protoss Ground Weapons Level 2  
  73  8:03  Zealot x3  
  73  8:04  Zealot x2  
  57  8:23  Immortal x2  
  63  8:38  Fleet Beacon  
  63  8:39  Probe x2  
  61  8:45  Zealot x2  
  65  8:51  Probe  
  66  8:56  Void Ray  
  70  9:05  Immortal  
  74  9:16  Probe x3  
  77  9:19  Zealot x3  
  77  9:21  Carrier  
  79  9:29  Carrier  
  79  9:33  Zealot  
  79  9:34  Zealot  
  95  9:53  Zealot x2  
  95  9:55  Probe  
  95  9:58  Immortal  
  100  10:04  Resonating Glaives  
  100  10:06  Protoss Shields Level 1  
  100  10:11  Assimilator  
  100  10:12  Assimilator  
  104  10:23  Zealot x2  
  104  10:25  Zealot  
  86  10:39  Carrier  
  76  10:44  Zealot x2  
  76  10:45  Zealot  
  76  10:46  Zealot x2  
  92  11:15  Protoss Air Weapons Level 2  
  92  11:28  Immortal  
  96  11:35  Nexus  
  96  11:40  Pylon  
  96  11:45  Carrier  
  96  11:46  Carrier  
  96  11:50  Assimilator  
  96  11:53  Assimilator  
  108  12:04  Immortal  
  112  12:19  Stalker x2  
  112  12:20  Stalker x2  
  120  12:37  Zealot  
  120  12:42  Zealot  
  120  12:43  Zealot x3  
  126  12:51  Unknown, Flux Vanes  
  70  13:34  Carrier x2  
  82  13:45  Immortal  
  82  13:48  Anion Pulse-Crystals  
  86  14:02  Probe x4  
  90  14:13  Immortal  
  90  14:14  Protoss Shields Level 2, Probe x3  
  90  14:15  Probe, Zealot x5, Immortal  
  112  14:34  Carrier x2  
  112  14:38  Protoss Air Weapons Level 3  
  112  14:40  Shadow Stride  
  124  14:52  Immortal  
  128  15:08  Pylon  
  128  15:21  Zealot  
  128  15:22  Zealot x3  
  128  15:23  Zealot  
  138  15:29  Immortal x2  
  138  15:36  Carrier  
  138  15:40  Carrier  
  146  15:44  Pylon  
  158  15:53  Zealot  
  158  15:54  Zealot  
  162  16:06  Zealot x2  
  162  16:07  Zealot  
  162  16:08  Immortal  
  170  16:28  Immortal  
  124  17:00  Zealot  
  126  17:02  Zealot x2  
  126  17:03  Zealot x2  
Tags
 
Add a new tag
Caveats
  • Supply blocks, unpowered buildings, or Contaminate may cause inaccurate times.
  • Supply counts are checked every 10 seconds.